 Dungeon Crawl Stone Soup version 0.24.0-13-gcf9b3192b9 (webtiles) character file.

Game seed: 4592620735357628711, levelgen mode: classic

26 EnegeticOcto the Digger (level 3, -5/18 HPs)
             Began as a Vine Stalker Earth Elementalist on Nov 9, 2019.
             Slain by an orc
             ... wielding a +0 mace
              (11 damage)
             ... on level 3 of the Dungeon.
             The game lasted 00:02:25 (550 turns).

EnegeticOcto the Digger (VSEE)                       Turns: 550, Time: 00:02:26

Health: -5/18      AC:  2    Str: 10    XL:     3   Next: 8%
Magic:  0/7        EV: 12    Int: 16    God:
Gold:   172        SH:  0    Dex: 14    Spells: 3/6 levels left

rFire    . . .     SeeInvis .     - Unarmed
rCold    . . .     Gourm    .   (no shield)
rNeg     . . .     Faith    .   c - +0 robe
rPois    .         Spirit   +   (no helmet)
rElec    .         Reflect  .   (no cloak)
rCorr    .         Harm     .   (no gloves)
MR       .....                  (no boots)
Stlth    ++........             (no amulet)
HPRegen  0.06/turn              (no ring)
MPRegen  0.10/turn              (no ring)

@: no status effects
A: fangs 2, magic shield, antimagic bite, no potion heal 3, rot immunity
a: no special abilities


You were on level 3 of the Dungeon.
You were not hungry.

You visited 1 branch of the dungeon, and saw 3 of its levels.

You collected 172 gold pieces.

Inventory:

Hand Weapons
 f - a +0 dagger
Missiles
 b - 90 stones (quivered)
 d - 14 arrows
Armour
 c - a +0 robe (worn)
Scrolls
 g - a scroll of identify {unknown}
 h - 2 scrolls of amnesia {unknown}
 i - a scroll of blinking {unknown}
 j - a scroll of magic mapping {unknown}
 k - a scroll of noise {unknown}
 l - a scroll of enchant weapon {unknown}
 o - a scroll of remove curse {unknown}
Potions
 a - a potion of heal wounds {unknown}
 m - a potion of curing {unknown}
 n - a potion of ambrosia {unknown}
Comestibles
 e - 3 rations


   Skills:
 + Level 1.5 Fighting
 - Level 1.5 Dodging
 - Level 2.4 Stealth
 + Level 1.7 Unarmed Combat
 - Level 2.1 Spellcasting
 - Level 1.0 Transmutations
 - Level 3.0 Earth Magic


You had 3 spell levels left.
You knew the following spells:

 Your Spells              Type           Power        Failure   Level  Hunger
a - Sandblast             Erth           ##....       6%          1    #......
p - Passwall              Tmut/Erth      #.......     14%         2    ###....

Your spell library contained the following spells:

 Spells                   Type           Power        Failure   Level  Hunger
 Stone Arrow              Conj/Erth      #.....       32%         3    ###....
 Petrify                  Tmut/Erth      #.......     65%         4    #####..
 Lee's Rapid Deconstruct  Erth           ##........   86%         5    ######.


Dungeon Overview and Level Annotations

Branches:
Dungeon (3/15)

Altars:
Sif Muna


Innate Abilities, Weirdness & Mutations

You have extremely sharp teeth.
When hurt, damage is shared between your health and your magic reserves.
Your bite disrupts and absorbs the magic of your enemies.
Potions cannot restore your health.
You are immune to rotting.


Message History

The bat hits you. The bat hits you but does no damage. The bat hits you.
Casting: Sandblast (safe; 6% risk of failure)
Confirm with . or Enter, or press ? or * to list all spells.
Aiming: Sandblast (safe; 6% risk of failure)
Press: ? - help, Shift-Dir - straight line, f - bat
Aim: a bat The blast of sand hits the bat!
You kill the bat!
b - 97 stones
e - 3 rations (gained 1)
You now have 156 gold pieces (gained 10).
o - a scroll labeled ZIZEWI MIJ CANT As you open the door, it creaks loudly!
Found a shimmering blue altar of Sif Muna.
Found 13 gold pieces.
Found a scroll labeled JYC HEULYFIL and a plate armour.
You now have 163 gold pieces (gained 7).
Found a flail.
Found a stone staircase leading up.
A rat comes into view.
Found 9 gold pieces.
You see here a scroll labeled JYC HEULYFIL.
h - 2 scrolls labeled JYC HEULYFIL (gained 1)
An orc comes into view. It is wielding a +0 mace.
You see here 9 gold pieces.
You now have 172 gold pieces (gained 9).
Casting: Sandblast (safe; 6% risk of failure)
Confirm with . or Enter, or press ? or * to list all spells.
Aiming: Sandblast (safe; 6% risk of failure)
Press: ? - help, Shift-Dir - straight line, f - rat
Aim: a rat The blast of sand hits the rat.
You kill the rat!
b - 96 stones The orc shouts!
Casting: Sandblast (safe; 6% risk of failure)
Confirm with . or Enter, or press ? or * to list all spells.
Aiming: Sandblast (safe; 6% risk of failure)
Press: ? - help, Shift-Dir - straight line, f - orc
Aim: an orc, wielding a +0 mace and wearing a +0 chain mail The blast of sand hits the orc but does no damage.
b - 95 stones
Casting: Sandblast (safe; 6% risk of failure)
Confirm with . or Enter, or press ? or * to list all spells.
Aiming: Sandblast (safe; 6% risk of failure)
Press: ? - help, Shift-Dir - straight line, f/p - orc
Aim: an orc, wielding a +0 mace and wearing a +0 chain mail The blast of sand hits the orc but does no damage.
b - 94 stones The orc barely misses you.
Casting: Sandblast (safe; 6% risk of failure)
Confirm with . or Enter, or press ? or * to list all spells.
Aiming: Sandblast (safe; 6% risk of failure)
Press: ? - help, Shift-Dir - straight line, f/p - orc
Aim: an orc, wielding a +0 mace and wearing a +0 chain mail The blast of sand hits the orc but does no damage.
b - 93 stones
Casting: Sandblast (safe; 6% risk of failure)
Confirm with . or Enter, or press ? or * to list all spells.
Aiming: Sandblast (safe; 6% risk of failure)
Press: ? - help, Shift-Dir - straight line, f/p - orc
Aim: an orc, wielding a +0 mace and wearing a +0 chain mail The blast of sand hits the orc but does no damage.
b - 92 stones The orc hits you with a +0 mace.
Casting: Sandblast (safe; 6% risk of failure)
Confirm with . or Enter, or press ? or * to list all spells.
Aiming: Sandblast (safe; 6% risk of failure)
Press: ? - help, Shift-Dir - straight line, f/p - orc
Aim: an orc, wielding a +0 mace and wearing a +0 chain mail The blast of sand hits the orc.
The orc is lightly wounded.
b - 91 stones The orc misses you.
Casting: Sandblast (safe; 6% risk of failure)
Confirm with . or Enter, or press ? or * to list all spells.
Aiming: Sandblast (safe; 6% risk of failure)
Press: ? - help, Shift-Dir - straight line, f/p - orc
Aim: an orc, wielding a +0 mace and wearing a +0 chain mail (lightly wounded)
The blast of sand hits the orc but does no damage.
The orc is lightly wounded.
b - 90 stones The orc hits you with a +0 mace!
* * * LOW HITPOINT WARNING * * *
Press: ? - help, v - describe, . - travel
Here: an orc, wielding a +0 mace and wearing a +0 chain mail (lightly wounded)
The floor.
Unknown command.
You hit the orc but do no damage.
The orc is lightly wounded.
The orc barely misses you.
You barely miss the orc. Your bite misses the orc.
The orc is lightly wounded.
You closely miss the orc. Your bite misses the orc.
The orc is lightly wounded.
The orc hits you with a +0 mace!
Ouch! That really hurt!
You die...

.........#.## #...#......
...........####...#......
.........##...#...#....#.
......[.....#.#...####...
..............#...# ###.
......).......#...# #
.........†....#...#
.......<......#...#
........@.....##'##
.......o#####.##_#
......... .#### #####..
#. ... .# ###. .. ## ..


You could see an orc.

Vanquished Creatures
  A leopard gecko (D:3)
  3 bats
  A giant cockroach (D:1)
  5 hobgoblins
  A kobold (D:2)
  2 frilled lizards (D:2)
  5 goblins
  5 rats
23 creatures vanquished.

Notes
Turn   | Place    | Note
-------+----------+-------------------------------------------
     0 | D:1      | EnegeticOcto the Vine Stalker Earth Elementalist began the
                  | quest for the Orb.
     0 | D:1      | Reached XP level 1. HP: 9/9 MP: 4/4
   214 | D:1      | Reached skill level 1 in Unarmed Combat
   214 | D:1      | Reached XP level 2. HP: 14/14 MP: 3/6
   215 | D:1      | Reached skill level 1 in Fighting
   405 | D:2      | Learned a level 2 spell: Passwall
   472 | D:3      | Reached XP level 3. HP: 15/18 MP: 5/7
   506 | D:3      | Found a shimmering blue altar of Sif Muna.
   550 | D:3      | Slain by an orc

Levels and vault maps discovered:
D:1:      dpeg_arrival_snail, layout_basic
D:2:      layout_loops_corners, overflow_temple_1_default,
          uniq_crazy_yiuf_cottage
D:3:      layout_rooms, lemuel_blue_sif_altar

Skill      XL: |  1  2 |
---------------+-------+-----
Unarmed Combat | 1 |  1.7
Fighting       | 1 |  1.5
Dodging        | |  1.5
Stealth        | |  2.4
Spellcasting   | |  2.1
Transmutations | |  1.0
Earth Magic    | |  3.0

Action                   || total
-------------------------++-------
Melee: Unarmed           ||    39
       Bite              ||     5
 Cast: Sandblast         ||    26
Armor: Robe              ||     9
Dodge: Dodged            ||    32
